Connexion

Crunch vs Bears

Created - 25 février 2024 at 19:11

Goals
1 2 3 T
Crunch 0 1 1 2
Bears 2 2 2 6
Shots
1 2 3 T
Crunch 11 10 11 32
Bears 10 12 8 30

GoalsPenalties
1st period
1. Bears , Lean Bergmann 14 (Kyle Burroughs 26, Arttu Ruotsalainen 32) at 10:59 (PP)
2. Bears , Tyrell Goulbourne 17 (Christoffer Ehn 16, Andreas Borgman 25) at 11:32
Garnet Hathaway (SYR) for Slashing (Double Minor) at 8:32
Andreas Borgman (HER) for Hooking (Minor) at 14:18
2nd period
3. Bears , Arttu Ruotsalainen 23 (Lean Bergmann 32, Buddy Robinson 17) at 2:57 (PP)
4. Bears , Cole Koepke 47 (Justin Dowling 53) at 10:57
5. Crunch , Nicolas Aube-Kubel 13 (Mike Vecchione 24, Axel Andersson 47) at 18:12
Kody Clark (SYR) for High sticking (Double Minor) at 2:26
Kody Clark (SYR) for Hooking (Minor) at 6:31
3rd period
6. Bears , Austin Watson 9 (Tyrell Goulbourne 14, Chad Krys 37) at 4:52
7. Bears , Jordie Benn 10 (Cole Koepke 28, Justin Dowling 54) at 6:23
8. Crunch , Garnet Hathaway 8 (Thomas Tynan 50, Axel Andersson 48) at 6:59
Jordie Benn (HER) for Tripping (Minor) at 0:28
Mikko Kokkonen (SYR) for Tripping (Minor) at 7:04
Goalie Stats
Anthony Stolarz (SYR), 18 saves from 23 shots - (0,783), L, 33-21-4, 44:52 minutes
Tyler Parsons (SYR), 6 saves from 7 shots - (0,857), 15:08 minutes
Spencer Martin (HER), 30 saves from 32 shots - (0,938), W, 20-12-3, 60:00 minutes
3 StarsOfficial
1 - Cole Koepke (HER)
2 - Tyrell Goulbourne (HER)
3 - Lean Bergmann (HER)
Referees : Don VanMassenhoven and Steve Kozari
Linesman : Derek Nansen and Steve Miller
Game Note
Tyler Parsons enters game at 4:52 of 3rd period
Finance
Level 1 -- Attendance: 2000 (100,00%) -- Ticket Income $60,000
Level 2 -- Attendance: 989 (98,90%) -- Ticket Income $17,802
Total Attendance: 2989 (99,63%)
Total Ticket Income: $77,802
Other Income: $15,560
Total Income: $93,362



Team Name Goals Shots Shots Attemp Shots Blocked PIM HIT PP PK FO%
Crunch 232621312180 / 2 (0%)253%
Bears 6306164272 / 6 (33%)047%

Crunch
Player Name POS G A P +/- PIM HIT SHT SB MP PP MP PP SHT PK MP PK SHT FO% FOT
Axel AnderssonD0221000322:452:1504:0500% 0
Blaine ByronC/LW000-2004017:142:1200:3800% 0
Blake McLaughlinC/LW000000006:570:0000:00018% 11
Connor CorcoranD000-3022222:151:4304:3600% 0
Garnet HathawayRW1010452021:551:4604:14167% 3
Jaycob MegnaD0001012123:402:1515:0000% 0
Jean-Christophe BeaudinC/RW000-2021019:062:1212:30053% 32
Kody ClarkRW000-2604017:292:1210:5500% 0
Mason ShawC/LW0000006018:061:4600:24033% 3
Mike VecchioneC/RW011000209:500:0000:00078% 9
Mikko KokkonenD000-3210120:461:4303:0800% 0
Nicolas Aube-KubelRW101001509:500:0000:0000% 0
Patrick HarperC/LW0000000112:580:0003:080100% 1
Paul BittnerLW000002106:570:0000:0000% 0
Thomas TynanC0110002023:431:4606:01055% 31
Vaclav KarabacekRW000000006:570:0000:000100% 1
Vojtech BudikD0000010315:470:0001:0100% 0
Xavier BouchardD0000031214:460:0000:0000% 0
Bears
Player Name POS G A P +/- PIM HIT SHT SB MP PP MP PP SHT PK MP PK SHT FO% FOT
Andreas BorgmanD0110211014:340:0000:5900% 0
Arttu RuotsalainenC1120002014:504:1710:00046% 24
Austin WatsonC/LW/RW1011022013:360:0000:5700% 0
Beck MalenstynLW0000010017:410:0000:0000% 1
Buddy RobinsonRW0110012012:224:1700:570100% 1
Chad KrysD0112002021:384:0012:0600% 0
Christoffer EhnC/LW0111004015:240:0002:45150% 22
Cole KoepkeLW1121054021:254:3820:00067% 3
Dennis GilbertD0002042021:203:4212:0600% 0
Gustav OlofssonD0000023224:464:5531:5200% 0
Jay BeagleC/RW000001107:240:0000:16038% 8
Joona LuotoLW/RW0001001121:254:3800:0000% 1
Jordie BennD1010203223:464:5510:5300% 0
Justin DowlingC/LW/RW0221010021:414:3800:16045% 29
Kyle BurroughsD0110050013:540:1800:0000% 0
Lean BergmannLW/RW1120021014:504:1710:0000% 0
Maxim LetunovC000000000:000:0000:0000% 0
Tyrell GoulbourneLW1121022115:240:0002:450100% 2



Play-by-Play

1st period


0:01 of 1st period - Thomas Tynan wins face-off versus Justin Dowling in neutral zone.
0:20 of 1st period - Shot by Jordie Benn.
0:20 of 1st period - Stopped by Anthony Stolarz without a rebound.
0:21 of 1st period - Jean-Christophe Beaudin wins face-off versus Arttu Ruotsalainen in Crunch zone.
0:34 of 1st period - Chad Krys is hit by Jean-Christophe Beaudin and loses puck.
1:01 of 1st period - Icing by Mikko Kokkonen.
1:02 of 1st period - Christoffer Ehn wins face-off versus Jean-Christophe Beaudin in Crunch zone.
1:15 of 1st period - Icing by Mikko Kokkonen.
1:16 of 1st period - Cole Koepke wins face-off versus Jean-Christophe Beaudin in Crunch zone.
2:08 of 1st period - Mike Vecchione is hit by Justin Dowling and loses puck.
2:35 of 1st period - Shot by Thomas Tynan.
2:35 of 1st period - Stopped by Spencer Martin with a rebound.
2:37 of 1st period - Shot by Mason Shaw.
2:37 of 1st period - Stopped by Spencer Martin without a rebound.
2:38 of 1st period - Blake McLaughlin wins face-off versus Jay Beagle in Bears zone.
2:45 of 1st period - Shot by Paul Bittner.
2:45 of 1st period - Stopped by Spencer Martin without a rebound.
2:46 of 1st period - Thomas Tynan wins face-off versus Jay Beagle in Bears zone.
2:46 of 1st period - Thomas Tynan is hit by Kyle Burroughs.
2:51 of 1st period - Mason Shaw is hit by Kyle Burroughs and loses puck.
2:55 of 1st period - Thomas Tynan is hit by Andreas Borgman and loses puck.
3:32 of 1st period - Off-side.
3:33 of 1st period - Vaclav Karabacek wins face-off versus Christoffer Ehn in neutral zone.
3:43 of 1st period - Icing by Paul Bittner.
3:44 of 1st period - Christoffer Ehn wins face-off versus Blake McLaughlin in Crunch zone.
3:44 of 1st period - Chad Krys is hit by Vojtech Budik and loses puck.
4:14 of 1st period - Blake McLaughlin is hit by Dennis Gilbert and loses puck.
4:43 of 1st period - Shot by Patrick Harper.
4:43 of 1st period - Deflect By Nicolas Aube-Kubel.
4:43 of 1st period - Stopped by Spencer Martin with a rebound.
4:45 of 1st period - Shot by Nicolas Aube-Kubel.
4:45 of 1st period - Stopped by Spencer Martin without a rebound.
4:46 of 1st period - Justin Dowling wins face-off versus Mason Shaw in Bears zone.
5:27 of 1st period - Icing by Axel Andersson.
5:28 of 1st period - Thomas Tynan wins face-off versus Arttu Ruotsalainen in Crunch zone.
5:28 of 1st period - Axel Andersson is hit by Beck Malenstyn.
6:08 of 1st period - Shot by Jean-Christophe Beaudin.
6:08 of 1st period - Shot Blocked by Jordie Benn.
6:10 of 1st period - Shot by Kody Clark.
6:10 of 1st period - Shot Misses the Net.
6:12 of 1st period - Shot by Kody Clark.
6:12 of 1st period - Stopped by Spencer Martin with a rebound.
6:25 of 1st period - Icing by Jordie Benn.
6:26 of 1st period - Arttu Ruotsalainen wins face-off versus Mike Vecchione in Bears zone.
7:16 of 1st period - Shot by Justin Dowling.
7:16 of 1st period - Shot Blocked by Connor Corcoran.
7:18 of 1st period - Shot by Dennis Gilbert.
7:18 of 1st period - Stopped by Anthony Stolarz without a rebound.
7:19 of 1st period - Christoffer Ehn wins face-off versus Blake McLaughlin in Crunch zone.
7:22 of 1st period - Shot by Austin Watson.
7:22 of 1st period - Stopped by Anthony Stolarz with a rebound.
7:25 of 1st period - Icing by Connor Corcoran.
7:26 of 1st period - Blake McLaughlin wins face-off versus Christoffer Ehn in Crunch zone.
7:26 of 1st period - Blake McLaughlin is hit by Austin Watson.
8:32 of 1st period - Double Minor Penalty to Garnet Hathaway for Slashing.
8:33 of 1st period - Patrick Harper wins face-off versus Justin Dowling in Crunch zone.
9:40 of 1st period - Shot by Arttu Ruotsalainen.
9:40 of 1st period - Shot Misses the Net.
9:42 of 1st period - Shot by Dennis Gilbert.
9:42 of 1st period - Stopped by Anthony Stolarz without a rebound.
9:43 of 1st period - Arttu Ruotsalainen wins face-off versus Jean-Christophe Beaudin in Crunch zone.
10:06 of 1st period - Shot by Dennis Gilbert.
10:06 of 1st period - Shot Misses the Net.
10:08 of 1st period - Shot by Chad Krys.
10:08 of 1st period - Stopped by Anthony Stolarz without a rebound.
10:09 of 1st period - Thomas Tynan wins face-off versus Justin Dowling in Crunch zone.
10:23 of 1st period - Shot by Cole Koepke.
10:23 of 1st period - Shot Blocked by Axel Andersson.
10:57 of 1st period - Shot by Kyle Burroughs.
10:57 of 1st period - Shot Misses the Net.
10:59 of 1st period - Shot by Lean Bergmann.
10:59 of 1st period - Goal by Lean Bergmann - Crunch : 0 - Bears : 1.
11:00 of 1st period - Jean-Christophe Beaudin wins face-off versus Christoffer Ehn in neutral zone.
11:30 of 1st period - Shot by Christoffer Ehn.
11:30 of 1st period - Shot Hit the Post.
11:32 of 1st period - Shot by Tyrell Goulbourne.
11:32 of 1st period - Goal by Tyrell Goulbourne - Crunch : 0 - Bears : 2.
11:33 of 1st period - Jay Beagle wins face-off versus Blake McLaughlin in neutral zone.
11:46 of 1st period - Shot by Jay Beagle.
11:46 of 1st period - Stopped by Anthony Stolarz with a rebound.
11:48 of 1st period - Shot by Jay Beagle.
11:48 of 1st period - Shot Misses the Net.
11:50 of 1st period - Shot by Buddy Robinson.
11:50 of 1st period - Shot Misses the Net.
11:52 of 1st period - Shot by Buddy Robinson.
11:52 of 1st period - Stopped by Anthony Stolarz without a rebound.
11:53 of 1st period - Mike Vecchione wins face-off versus Justin Dowling in Crunch zone.
11:53 of 1st period - Nicolas Aube-Kubel is hit by Cole Koepke.
11:54 of 1st period - Icing by Nicolas Aube-Kubel.
11:55 of 1st period - Mike Vecchione wins face-off versus Justin Dowling in Crunch zone.
13:43 of 1st period - Shot by Thomas Tynan.
13:43 of 1st period - Shot Misses the Net.
13:45 of 1st period - Shot by Jaycob Megna.
13:45 of 1st period - Shot Misses the Net.
13:47 of 1st period - Shot by Mason Shaw.
13:47 of 1st period - Deflect By Thomas Tynan.
13:47 of 1st period - Shot Misses the Net.
13:49 of 1st period - Shot by Mason Shaw.
13:49 of 1st period - Stopped by Spencer Martin without a rebound.
13:50 of 1st period - Jean-Christophe Beaudin wins face-off versus Justin Dowling in Bears zone.
14:04 of 1st period - Off-side.
14:05 of 1st period - Christoffer Ehn wins face-off versus Thomas Tynan in neutral zone.
14:05 of 1st period - Christoffer Ehn is hit by Garnet Hathaway.
14:18 of 1st period - Minor Penalty to Andreas Borgman for Hooking.
14:19 of 1st period - Christoffer Ehn wins face-off versus Jean-Christophe Beaudin in Bears zone.
14:53 of 1st period - Shot by Jean-Christophe Beaudin.
14:53 of 1st period - Stopped by Spencer Martin without a rebound.
14:54 of 1st period - Buddy Robinson wins face-off versus Thomas Tynan in Bears zone.
15:11 of 1st period - Shot by Connor Corcoran.
15:11 of 1st period - Shot Blocked by Gustav Olofsson.
15:22 of 1st period - Mason Shaw is hit by Dennis Gilbert.
15:47 of 1st period - Icing by Jaycob Megna.
15:48 of 1st period - Christoffer Ehn wins face-off versus Jean-Christophe Beaudin in Crunch zone.
15:51 of 1st period - Shot by Christoffer Ehn.
15:51 of 1st period - Stopped by Anthony Stolarz without a rebound.
15:52 of 1st period - Jean-Christophe Beaudin wins face-off versus Christoffer Ehn in Crunch zone.
16:25 of 1st period - Shot by Patrick Harper.
16:25 of 1st period - Deflect By Nicolas Aube-Kubel.
16:25 of 1st period - Stopped by Spencer Martin without a rebound.
16:26 of 1st period - Justin Dowling wins face-off versus Thomas Tynan in Bears zone.
16:33 of 1st period - Jordie Benn is hit by Garnet Hathaway and loses puck.
16:49 of 1st period - Icing by Garnet Hathaway.
16:50 of 1st period - Thomas Tynan wins face-off versus Jay Beagle in Crunch zone.
17:28 of 1st period - Shot by Andreas Borgman.
17:28 of 1st period - Shot Blocked by Jaycob Megna.
18:10 of 1st period - Shot by Patrick Harper.
18:10 of 1st period - Shot Misses the Net.
18:12 of 1st period - Shot by Patrick Harper.
18:12 of 1st period - Shot Blocked by Jordie Benn.
18:20 of 1st period - Shot by Nicolas Aube-Kubel.
18:20 of 1st period - Stopped by Spencer Martin without a rebound.
18:21 of 1st period - Tyrell Goulbourne wins face-off versus Blake McLaughlin in Bears zone.
18:21 of 1st period - Tyrell Goulbourne is hit by Paul Bittner.
18:50 of 1st period - Shot by Vojtech Budik.
18:50 of 1st period - Shot Misses the Net.
18:52 of 1st period - Shot by Xavier Bouchard.
18:52 of 1st period - Stopped by Spencer Martin without a rebound.
18:53 of 1st period - Justin Dowling wins face-off versus Thomas Tynan in Bears zone.
19:25 of 1st period - Icing by Thomas Tynan.
19:26 of 1st period - Arttu Ruotsalainen wins face-off versus Garnet Hathaway in Crunch zone.
Goals for this period are 0 for Crunch vs 2 for Bears .
Shots for this period are 11 for Crunch vs 10 for Bears .

2nd period


0:01 of 2nd period - Jean-Christophe Beaudin wins face-off versus Justin Dowling in neutral zone.
0:29 of 2nd period - Icing by Axel Andersson.
0:30 of 2nd period - Jean-Christophe Beaudin wins face-off versus Arttu Ruotsalainen in Crunch zone.
0:37 of 2nd period - Shot by Chad Krys.
0:37 of 2nd period - Stopped by Anthony Stolarz without a rebound.
0:38 of 2nd period - Thomas Tynan wins face-off versus Arttu Ruotsalainen in Crunch zone.
0:43 of 2nd period - Lean Bergmann is hit by Garnet Hathaway.
1:46 of 2nd period - Shot by Cole Koepke.
1:46 of 2nd period - Stopped by Anthony Stolarz without a rebound.
1:47 of 2nd period - Jean-Christophe Beaudin wins face-off versus Christoffer Ehn in Crunch zone.
2:26 of 2nd period - Double Minor Penalty to Kody Clark for High sticking.
2:27 of 2nd period - Justin Dowling wins face-off versus Thomas Tynan in Crunch zone.
2:28 of 2nd period - Shot by Jordie Benn.
2:28 of 2nd period - Shot Blocked by Axel Andersson.
2:46 of 2nd period - Shot by Gustav Olofsson.
2:46 of 2nd period - Stopped by Anthony Stolarz without a rebound.
2:47 of 2nd period - Thomas Tynan wins face-off versus Arttu Ruotsalainen in Crunch zone.
2:47 of 2nd period - Thomas Tynan is hit by Lean Bergmann.
2:57 of 2nd period - Shot by Lean Bergmann.
2:57 of 2nd period - Deflect By Arttu Ruotsalainen.
2:57 of 2nd period - Goal by Arttu Ruotsalainen - Crunch : 0 - Bears : 3.
2:58 of 2nd period - Justin Dowling wins face-off versus Thomas Tynan in neutral zone.
3:01 of 2nd period - Jaycob Megna is hit by Cole Koepke and loses puck.
3:14 of 2nd period - Shot by Gustav Olofsson.
3:14 of 2nd period - Stopped by Anthony Stolarz without a rebound.
3:15 of 2nd period - Jean-Christophe Beaudin wins face-off versus Arttu Ruotsalainen in Crunch zone.
4:09 of 2nd period - Off-side.
4:10 of 2nd period - Thomas Tynan wins face-off versus Justin Dowling in neutral zone.
4:44 of 2nd period - Shot by Cole Koepke.
4:44 of 2nd period - Stopped by Anthony Stolarz without a rebound.
4:45 of 2nd period - Arttu Ruotsalainen wins face-off versus Jean-Christophe Beaudin in Crunch zone.
4:59 of 2nd period - Dennis Gilbert is hit by Xavier Bouchard and loses puck.
5:20 of 2nd period - Shot by Christoffer Ehn.
5:20 of 2nd period - Shot Misses the Net.
5:22 of 2nd period - Shot by Andreas Borgman.
5:22 of 2nd period - Stopped by Anthony Stolarz without a rebound.
5:23 of 2nd period - Jay Beagle wins face-off versus Jean-Christophe Beaudin in Crunch zone.
5:35 of 2nd period - Buddy Robinson is hit by Jaycob Megna and loses puck.
6:01 of 2nd period - Icing by Jaycob Megna.
6:02 of 2nd period - Jean-Christophe Beaudin wins face-off versus Justin Dowling in Crunch zone.
6:02 of 2nd period - Jean-Christophe Beaudin is hit by Cole Koepke.
6:31 of 2nd period - Minor Penalty to Kody Clark for Hooking.
6:32 of 2nd period - Garnet Hathaway wins face-off versus Arttu Ruotsalainen in Crunch zone.
6:38 of 2nd period - Icing by Buddy Robinson.
6:39 of 2nd period - Arttu Ruotsalainen wins face-off versus Thomas Tynan in Bears zone.
6:43 of 2nd period - Lean Bergmann is hit by Connor Corcoran.
6:47 of 2nd period - Shot by Gustav Olofsson.
6:47 of 2nd period - Stopped by Anthony Stolarz without a rebound.
6:48 of 2nd period - Thomas Tynan wins face-off versus Justin Dowling in Crunch zone.
7:02 of 2nd period - Chad Krys is hit by Connor Corcoran and loses puck.
7:15 of 2nd period - Shot by Garnet Hathaway.
7:15 of 2nd period - Stopped by Spencer Martin without a rebound.
7:16 of 2nd period - Arttu Ruotsalainen wins face-off versus Thomas Tynan in Bears zone.
7:25 of 2nd period - Shot by Jordie Benn.
7:25 of 2nd period - Stopped by Anthony Stolarz with a rebound.
8:22 of 2nd period - Icing by Cole Koepke.
8:23 of 2nd period - Justin Dowling wins face-off versus Jean-Christophe Beaudin in Bears zone.
8:23 of 2nd period - Justin Dowling is hit by Jean-Christophe Beaudin.
8:39 of 2nd period - Shot by Tyrell Goulbourne.
8:39 of 2nd period - Shot Misses the Net.
8:41 of 2nd period - Shot by Christoffer Ehn.
8:41 of 2nd period - Stopped by Anthony Stolarz without a rebound.
8:42 of 2nd period - Jean-Christophe Beaudin wins face-off versus Justin Dowling in Crunch zone.
8:55 of 2nd period - Shot by Blaine Byron.
8:55 of 2nd period - Shot Misses the Net.
9:15 of 2nd period - Shot by Justin Dowling.
9:15 of 2nd period - Shot Blocked by Xavier Bouchard.
9:45 of 2nd period - Shot by Mason Shaw.
9:45 of 2nd period - Stopped by Spencer Martin without a rebound.
9:46 of 2nd period - Mike Vecchione wins face-off versus Christoffer Ehn in Bears zone.
9:55 of 2nd period - Shot by Mike Vecchione.
9:55 of 2nd period - Stopped by Spencer Martin without a rebound.
9:56 of 2nd period - Arttu Ruotsalainen wins face-off versus Thomas Tynan in Bears zone.
10:19 of 2nd period - Shot by Thomas Tynan.
10:19 of 2nd period - Stopped by Spencer Martin without a rebound.
10:20 of 2nd period - Mike Vecchione wins face-off versus Cole Koepke in Bears zone.
10:57 of 2nd period - Shot by Cole Koepke.
10:57 of 2nd period - Goal by Cole Koepke - Crunch : 0 - Bears : 4.
10:58 of 2nd period - Thomas Tynan wins face-off versus Beck Malenstyn in neutral zone.
11:25 of 2nd period - Lean Bergmann is hit by Garnet Hathaway and loses puck.
11:30 of 2nd period - Shot by Thomas Tynan.
11:30 of 2nd period - Shot Misses the Net.
11:36 of 2nd period - Shot by Mason Shaw.
11:36 of 2nd period - Stopped by Spencer Martin with a rebound.
11:38 of 2nd period - Shot by Thomas Tynan.
11:38 of 2nd period - Shot Misses the Net.
12:14 of 2nd period - Shot by Jean-Christophe Beaudin.
12:14 of 2nd period - Shot Misses the Net.
12:16 of 2nd period - Shot by Xavier Bouchard.
12:16 of 2nd period - Shot Misses the Net.
12:18 of 2nd period - Shot by Jean-Christophe Beaudin.
12:18 of 2nd period - Shot Blocked by Tyrell Goulbourne.
12:20 of 2nd period - Shot by Kody Clark.
12:20 of 2nd period - Shot Misses the Net.
12:22 of 2nd period - Shot by Jean-Christophe Beaudin.
12:22 of 2nd period - Shot Misses the Net.
12:53 of 2nd period - Icing by Dennis Gilbert.
12:54 of 2nd period - Justin Dowling wins face-off versus Blake McLaughlin in Bears zone.
13:03 of 2nd period - Shot by Justin Dowling.
13:03 of 2nd period - Shot Blocked by Axel Andersson.
13:25 of 2nd period - Icing by Dennis Gilbert.
13:26 of 2nd period - Justin Dowling wins face-off versus Thomas Tynan in Bears zone.
14:20 of 2nd period - Shot by Arttu Ruotsalainen.
14:20 of 2nd period - Shot Misses the Net.
14:59 of 2nd period - Jean-Christophe Beaudin is hit by Kyle Burroughs and loses puck.
15:04 of 2nd period - Shot by Blaine Byron.
15:04 of 2nd period - Stopped by Spencer Martin without a rebound.
15:05 of 2nd period - Mike Vecchione wins face-off versus Justin Dowling in Bears zone.
15:07 of 2nd period - Nicolas Aube-Kubel is hit by Dennis Gilbert and loses puck.
15:10 of 2nd period - Shot by Xavier Bouchard.
15:10 of 2nd period - Shot Misses the Net.
15:26 of 2nd period - Shot by Nicolas Aube-Kubel.
15:26 of 2nd period - Shot Blocked by Joona Luoto.
15:57 of 2nd period - Jaycob Megna is hit by Cole Koepke.
16:25 of 2nd period - Shot by Blaine Byron.
16:25 of 2nd period - Stopped by Spencer Martin with a rebound.
16:52 of 2nd period - Beck Malenstyn is hit by Paul Bittner and loses puck.
17:29 of 2nd period - Jordie Benn is hit by Xavier Bouchard and loses puck.
17:41 of 2nd period - Tyrell Goulbourne is hit by Xavier Bouchard and loses puck.
17:46 of 2nd period - Shot by Christoffer Ehn.
17:46 of 2nd period - Shot Blocked by Vojtech Budik.
17:50 of 2nd period - Shot by Tyrell Goulbourne.
17:50 of 2nd period - Stopped by Anthony Stolarz without a rebound.
17:51 of 2nd period - Mike Vecchione wins face-off versus Christoffer Ehn in Crunch zone.
17:51 of 2nd period - Nicolas Aube-Kubel is hit by Tyrell Goulbourne and loses puck.
18:00 of 2nd period - Shot by Christoffer Ehn.
18:00 of 2nd period - Shot Misses the Net.
18:12 of 2nd period - Shot by Nicolas Aube-Kubel.
18:12 of 2nd period - Goal by Nicolas Aube-Kubel - Crunch : 1 - Bears : 4.
18:13 of 2nd period - Jean-Christophe Beaudin wins face-off versus Arttu Ruotsalainen in neutral zone.
18:20 of 2nd period - Shot by Kody Clark.
18:20 of 2nd period - Stopped by Spencer Martin without a rebound.
18:21 of 2nd period - Jean-Christophe Beaudin wins face-off versus Arttu Ruotsalainen in Bears zone.
18:24 of 2nd period - Shot by Kody Clark.
18:24 of 2nd period - Stopped by Spencer Martin without a rebound.
18:25 of 2nd period - Christoffer Ehn wins face-off versus Thomas Tynan in Bears zone.
19:00 of 2nd period - Icing by Andreas Borgman.
19:01 of 2nd period - Christoffer Ehn wins face-off versus Jean-Christophe Beaudin in Bears zone.
19:13 of 2nd period - Shot by Blaine Byron.
19:13 of 2nd period - Shot Misses the Net.
Goals for this period are 1 for Crunch vs 2 for Bears .
Shots for this period are 10 for Crunch vs 12 for Bears .

3rd period


0:01 of 3rd period - Thomas Tynan wins face-off versus Justin Dowling in neutral zone.
0:10 of 3rd period - Shot by Cole Koepke.
0:10 of 3rd period - Shot Misses the Net.
0:17 of 3rd period - Mason Shaw is hit by Gustav Olofsson and loses puck.
0:27 of 3rd period - Shot by Garnet Hathaway.
0:27 of 3rd period - Shot Misses the Net.
0:28 of 3rd period - Minor Penalty to Jordie Benn for Tripping.
0:29 of 3rd period - Tyrell Goulbourne wins face-off versus Jean-Christophe Beaudin in Bears zone.
0:42 of 3rd period - Shot by Kody Clark.
0:42 of 3rd period - Stopped by Spencer Martin without a rebound.
0:43 of 3rd period - Garnet Hathaway wins face-off versus Christoffer Ehn in Bears zone.
1:00 of 3rd period - Shot by Thomas Tynan.
1:00 of 3rd period - Shot Misses the Net.
1:02 of 3rd period - Shot by Mason Shaw.
1:02 of 3rd period - Shot Blocked by Gustav Olofsson.
1:04 of 3rd period - Shot by Jaycob Megna.
1:04 of 3rd period - Stopped by Spencer Martin without a rebound.
1:05 of 3rd period - Jean-Christophe Beaudin wins face-off versus Christoffer Ehn in Bears zone.
1:44 of 3rd period - Shot by Connor Corcoran.
1:44 of 3rd period - Shot Misses the Net.
2:38 of 3rd period - Shot by Mike Vecchione.
2:38 of 3rd period - Stopped by Spencer Martin without a rebound.
2:39 of 3rd period - Cole Koepke wins face-off versus Blake McLaughlin in Bears zone.
3:31 of 3rd period - Shot by Blaine Byron.
3:31 of 3rd period - Stopped by Spencer Martin without a rebound.
3:32 of 3rd period - Thomas Tynan wins face-off versus Jay Beagle in Bears zone.
4:52 of 3rd period - Shot by Austin Watson.
4:52 of 3rd period - Goal by Austin Watson - Crunch : 1 - Bears : 5.
4:52 of 3rd period - Tyler Parsons enters game.
4:53 of 3rd period - Mike Vecchione wins face-off versus Joona Luoto in neutral zone.
5:05 of 3rd period - Icing by Justin Dowling.
5:06 of 3rd period - Justin Dowling wins face-off versus Blake McLaughlin in Bears zone.
5:30 of 3rd period - Shot by Joona Luoto.
5:30 of 3rd period - Stopped by Tyler Parsons without a rebound.
5:31 of 3rd period - Thomas Tynan wins face-off versus Christoffer Ehn in Crunch zone.
5:38 of 3rd period - Shot by Thomas Tynan.
5:38 of 3rd period - Shot Misses the Net.
5:54 of 3rd period - Icing by Tyrell Goulbourne.
5:55 of 3rd period - Christoffer Ehn wins face-off versus Jean-Christophe Beaudin in Bears zone.
6:00 of 3rd period - Jean-Christophe Beaudin is hit by Austin Watson and loses puck.
6:07 of 3rd period - Shot by Austin Watson.
6:07 of 3rd period - Shot Blocked by Vojtech Budik.
6:19 of 3rd period - Shot by Christoffer Ehn.
6:19 of 3rd period - Stopped by Tyler Parsons without a rebound.
6:20 of 3rd period - Justin Dowling wins face-off versus Thomas Tynan in Crunch zone.
6:21 of 3rd period - Shot by Cole Koepke.
6:21 of 3rd period - Shot Misses the Net.
6:23 of 3rd period - Shot by Jordie Benn.
6:23 of 3rd period - Goal by Jordie Benn - Crunch : 1 - Bears : 6.
6:24 of 3rd period - Justin Dowling wins face-off versus Mason Shaw in neutral zone.
6:55 of 3rd period - Shot by Thomas Tynan.
6:55 of 3rd period - Deflect By Garnet Hathaway.
6:55 of 3rd period - Shot Misses the Net.
6:57 of 3rd period - Shot by Garnet Hathaway.
6:57 of 3rd period - Shot Misses the Net.
6:59 of 3rd period - Shot by Garnet Hathaway.
6:59 of 3rd period - Goal by Garnet Hathaway - Crunch : 2 - Bears : 6.
7:00 of 3rd period - Arttu Ruotsalainen wins face-off versus Jean-Christophe Beaudin in neutral zone.
7:04 of 3rd period - Minor Penalty to Mikko Kokkonen for Tripping.
7:05 of 3rd period - Thomas Tynan wins face-off versus Arttu Ruotsalainen in Crunch zone.
7:05 of 3rd period - Thomas Tynan is hit by Lean Bergmann.
7:25 of 3rd period - Shot by Arttu Ruotsalainen.
7:25 of 3rd period - Shot Misses the Net.
8:02 of 3rd period - Shot by Jordie Benn.
8:02 of 3rd period - Deflect By Cole Koepke.
8:02 of 3rd period - Shot Blocked by Connor Corcoran.
8:04 of 3rd period - Shot by Cole Koepke.
8:04 of 3rd period - Stopped by Tyler Parsons without a rebound.
8:05 of 3rd period - Thomas Tynan wins face-off versus Justin Dowling in Crunch zone.
9:08 of 3rd period - Shot by Christoffer Ehn.
9:08 of 3rd period - Shot Blocked by Patrick Harper.
9:10 of 3rd period - Shot by Austin Watson.
9:10 of 3rd period - Shot Blocked by Vojtech Budik.
9:12 of 3rd period - Shot by Kyle Burroughs.
9:12 of 3rd period - Shot Blocked by Xavier Bouchard.
9:14 of 3rd period - Shot by Christoffer Ehn.
9:14 of 3rd period - Stopped by Tyler Parsons without a rebound.
9:15 of 3rd period - Jean-Christophe Beaudin wins face-off versus Jay Beagle in Crunch zone.
9:48 of 3rd period - Shot by Buddy Robinson.
9:48 of 3rd period - Deflect By Jay Beagle.
9:48 of 3rd period - Shot Misses the Net.
10:36 of 3rd period - Icing by Dennis Gilbert.
10:37 of 3rd period - Christoffer Ehn wins face-off versus Blake McLaughlin in Bears zone.
10:56 of 3rd period - Shot by Connor Corcoran.
10:56 of 3rd period - Stopped by Spencer Martin with a rebound.
11:02 of 3rd period - Connor Corcoran is hit by Cole Koepke and loses puck.
11:14 of 3rd period - Icing by Connor Corcoran.
11:15 of 3rd period - Arttu Ruotsalainen wins face-off versus Blake McLaughlin in Crunch zone.
11:15 of 3rd period - Lean Bergmann is hit by Mikko Kokkonen and loses puck.
11:31 of 3rd period - Shot by Arttu Ruotsalainen.
11:31 of 3rd period - Shot Blocked by Mikko Kokkonen.
11:47 of 3rd period - Shot by Beck Malenstyn.
11:47 of 3rd period - Deflect By Arttu Ruotsalainen.
11:47 of 3rd period - Stopped by Tyler Parsons without a rebound.
11:48 of 3rd period - Thomas Tynan wins face-off versus Justin Dowling in Crunch zone.
11:55 of 3rd period - Shot by Garnet Hathaway.
11:55 of 3rd period - Shot Misses the Net.
12:09 of 3rd period - Icing by Jordie Benn.
12:10 of 3rd period - Justin Dowling wins face-off versus Jean-Christophe Beaudin in Bears zone.
12:27 of 3rd period - Shot by Cole Koepke.
12:27 of 3rd period - Shot Misses the Net.
13:03 of 3rd period - Icing by Jordie Benn.
13:04 of 3rd period - Thomas Tynan wins face-off versus Justin Dowling in Bears zone.
13:05 of 3rd period - Shot by Jaycob Megna.
13:05 of 3rd period - Stopped by Spencer Martin without a rebound.
13:06 of 3rd period - Arttu Ruotsalainen wins face-off versus Thomas Tynan in Bears zone.
13:15 of 3rd period - Shot by Mason Shaw.
13:15 of 3rd period - Stopped by Spencer Martin without a rebound.
13:16 of 3rd period - Jay Beagle wins face-off versus Mike Vecchione in Bears zone.
13:16 of 3rd period - Jay Beagle is hit by Nicolas Aube-Kubel.
13:36 of 3rd period - Nicolas Aube-Kubel is hit by Buddy Robinson and loses puck.
13:45 of 3rd period - Shot by Buddy Robinson.
13:45 of 3rd period - Stopped by Tyler Parsons without a rebound.
13:46 of 3rd period - Mason Shaw wins face-off versus Christoffer Ehn in Crunch zone.
13:46 of 3rd period - Garnet Hathaway is hit by Tyrell Goulbourne and loses puck.
14:01 of 3rd period - Connor Corcoran is hit by Dennis Gilbert and loses puck.
14:06 of 3rd period - Shot by Thomas Tynan.
14:06 of 3rd period - Shot Misses the Net.
14:10 of 3rd period - Shot by Garnet Hathaway.
14:10 of 3rd period - Shot Misses the Net.
14:12 of 3rd period - Shot by Mason Shaw.
14:12 of 3rd period - Stopped by Spencer Martin with a rebound.
14:14 of 3rd period - Shot by Connor Corcoran.
14:14 of 3rd period - Stopped by Spencer Martin without a rebound.
14:15 of 3rd period - Jean-Christophe Beaudin wins face-off versus Arttu Ruotsalainen in Bears zone.
14:18 of 3rd period - Shot by Blaine Byron.
14:18 of 3rd period - Stopped by Spencer Martin without a rebound.
14:19 of 3rd period - Jean-Christophe Beaudin wins face-off versus Arttu Ruotsalainen in Bears zone.
14:55 of 3rd period - Off-side.
14:56 of 3rd period - Justin Dowling wins face-off versus Thomas Tynan in neutral zone.
16:08 of 3rd period - Icing by Kyle Burroughs.
16:09 of 3rd period - Christoffer Ehn wins face-off versus Jean-Christophe Beaudin in Bears zone.
16:15 of 3rd period - Icing by Axel Andersson.
16:16 of 3rd period - Jean-Christophe Beaudin wins face-off versus Arttu Ruotsalainen in Crunch zone.
16:18 of 3rd period - Icing by Axel Andersson.
16:19 of 3rd period - Arttu Ruotsalainen wins face-off versus Jean-Christophe Beaudin in Crunch zone.
16:32 of 3rd period - Shot by Lean Bergmann.
16:32 of 3rd period - Shot Misses the Net.
17:31 of 3rd period - Shot by Cole Koepke.
17:31 of 3rd period - Shot Misses the Net.
17:47 of 3rd period - Shot by Justin Dowling.
17:47 of 3rd period - Shot Misses the Net.
18:26 of 3rd period - Vojtech Budik is hit by Kyle Burroughs and loses puck.
18:42 of 3rd period - Xavier Bouchard is hit by Kyle Burroughs and loses puck.
19:15 of 3rd period - Garnet Hathaway is hit by Gustav Olofsson and loses puck.
19:26 of 3rd period - Jordie Benn is hit by Garnet Hathaway and loses puck.
19:47 of 3rd period - Mikko Kokkonen is hit by Jay Beagle and loses puck.
Goals for this period are 1 for Crunch vs 2 for Bears .
Shots for this period are 11 for Crunch vs 8 for Bears .